 Dungeon Crawl Stone Soup version 0.30.1-3-gfc49f6343a (webtiles) character file.

Game seed: 17820923446331137271

872 Draugr the Protected (level 7, -21/60 HPs)
             Began as a Minotaur Berserker on Aug 9, 2023.
             Was a Believer of Trog.
             Killed by an exploding white imp (49 damage)
             ... ignited by their inner flame
             ... on level 5 of the Dungeon.
             The game lasted 00:08:45 (3930 turns).

Draugr the Protected (Minotaur Berserker)           Turns: 3930, Time: 00:08:46

Health: -21/60     AC: 10    Str: 24      XL:     7   Next: 74%
Magic:  6/6        EV: 11    Int:  3 (4)  God:    Trog [**....]
Gold:   251        SH:  0    Dex:  8 (9)  Spells: 6/6 levels left

rFire   . . .        a - +0 hand axe
rCold   . . .        (no shield)
rNeg    . . .        l - +0 ring mail
rPois   .            (helmet restricted)
rElec   .            v - +1 cloak
rCorr   .            c - +0 pair of gloves
SInv    .            (no boots)
Will    ++...        (no amulet) Stlth
                     (no ring)
HPRegen 1.30/turn    (no ring)
MPRegen 0.10/turn

%: no passive effects
@: brilliant, weakened, strong-willed, regenerating
A: horns 2, retaliatory headbutt
a: Renounce Religion, Berserk, Trog's Hand


You were on level 5 of the Dungeon.
You worshipped Trog.
Trog was pleased with you.
You visited 1 branch of the dungeon, and saw 5 of its levels.
You also visited: Sewer.

You collected 251 gold pieces.

Inventory:

Hand Weapons
 a - a +0 hand axe (weapon)
Armour
 c - a +0 pair of gloves (worn)
 l - a +0 ring mail (worn)
 v - a +1 cloak (worn)
Jewellery
 j - an amulet of magic regeneration
Wands
 b - a wand of polymorph (11)
 w - a wand of charming (9)
Scrolls
 g - a scroll of poison
 m - a scroll of enchant armour
 p - a scroll of silence
 q - 2 scrolls of fog
 u - a scroll of identify
Potions
 d - a potion of attraction
 e - a potion of heal wounds
 f - 2 potions of flight
 h - a potion of curing
 n - 2 potions of might {unknown}
 o - a potion of magic {unknown}
 r - a potion of haste {unknown}
 s - a potion of lignification {unknown}
 t - a potion of ambrosia {unknown}


   Skills:
 - Level 4.3 Fighting
 + Level 6.5 Axes
 - Level 9.0 Armour
 - Level 2.1 Dodging


You had 6 spell levels left.
You didn't know any spells.
Your spell library was empty.

Dungeon Overview and Level Annotations

Branches:
Dungeon (5/15)             Temple (0/1) D:4           Sewer (visited)

Altars:


Innate Abilities, Weirdness & Mutations

You have a pair of horns on your head.
You reflexively headbutt those who attack you in melee.


Message History

The phantom hits you but does no damage.
The gnoll bouda barely misses you.
Your skin crawls.
You feel strong-willed. The phantom hits you.
The phantom blinks!
You blink.
The iguana barely misses you.
The gnoll bouda gazes fiercely through you!
You feel as though you will be weak longer.
You barely miss the phantom. Your headbutt misses the phantom.
The phantom is heavily damaged.
You closely miss the vampire. You closely miss the white imp.
You hit the iguana.
The phantom hits you but does no damage.
The vampire barely misses you. You furiously retaliate!
You headbutt the vampire. The vampire bites you.
The vampire draws strength from your injuries!
The white imp hits you but does no damage.
The iguana bites you but does no damage.
As you read the scroll labelled RITHOR TIMITEH, it crumbles to dust.
The creatures around you are filled with an inner flame!
It was a scroll of immolation.
The phantom hits you but does no damage.
The vampire hits you but does no damage.
The vampire barely misses you. The white imp closely misses you.
You furiously retaliate!
You headbutt the white imp.
Flame seeps out of the white imp.
The iguana bites you!
Okay, then.
It was a potion of brilliance.
You feel clever all of a sudden. The phantom misses you.
You furiously retaliate!
You headbutt the phantom.
Flame seeps out of the phantom.
The iguana bites you but does no damage.
The vampire hits you but does no damage.
The vampire bites you but does no damage.
The white imp is engulfed in blazing flames.
Trog accepts your kill.
The white imp explodes!
The fiery explosion engulfs you!!!
Ouch! That really hurt!
You die...

##########
##........##
##..........#
#l§..........
##○g.§........
#@Ws########..
##Vl## #..##
##.## #).#..
#.##.# #.# .#
#.# .# #)##^##


You could see a vampire (inner flame), a phantom (inner flame), a gnoll bouda
(inner flame), a scorpion (inner flame) and 2 iguanas.

Vanquished Creatures
  2 black bears (D:5)
  2 phantoms
  2 kobold brigands (Sewer)
  2 scorpions (D:5)
  A howler monkey (D:5)
  An orc priest (D:5)
  An iguana (D:5)
  7 adders
  3 gnolls (D:3)
  2 river rats (Sewer)
  2 white imps (D:5)
  2 dart slugs
  2 worms
  10 orcs
  4 bats
  4 endoplasms
  2 giant cockroaches
  4 goblins
  5 hobgoblins
  4 jackals (D:1)
  11 kobolds
  A quokka (D:2)
  2 ball pythons
  A frilled lizard (D:3)
  6 rats
83 creatures vanquished.

Notes
Turn   | Place    | Note
-------+----------+-------------------------------------------
     0 | D:1      | Draugr the Minotaur Berserker began the quest for the Orb.
     0 | D:1      | Reached XP level 1. HP: 19/19 MP: 0/0
   218 | D:1      | Found a faded altar of an unknown god.
   300 | D:1      | Reached XP level 2. HP: 22/26 MP: 1/1
  1261 | D:2      | Reached XP level 3. HP: 30/33 MP: 2/2
  1558 | D:3      | Reached ** piety under Trog
  1641 | D:3      | Reached skill level 3 in Armour
  1916 | D:3      | Reached XP level 4. HP: 41/41 MP: 3/3
  1931 | D:3      | Reached skill level 4 in Armour
  2423 | D:4      | Found a staircase to the Ecumenical Temple.
  2454 | D:4      | Noticed a phantom
  2460 | D:4      | Killed a phantom
  2461 | D:4      | Reached skill level 5 in Armour
  2461 | D:4      | Reached XP level 5. HP: 47/47 MP: 4/4
  2461 | D:4      | Noticed an orc warrior
  2461 | D:4      | Noticed a water moccasin
  2851 | D:5      | Entered Level 5 of the Dungeon
  2857 | D:5      | Reached skill level 6 in Armour
  2926 | D:5      | Found a glowing drain.
  2941 | D:5      | Reached XP level 6. HP: 53/53 MP: 5/5
  2942 | Sewer    | Entered a sewer
  3070 | Sewer    | Reached skill level 7 in Armour
  3197 | Sewer    | Found a white marble altar of Elyvilon.
  3319 | D:5      | Reached skill level 8 in Armour
  3408 | D:5      | Reached XP level 7. HP: 38/60 MP: 6/6
  3612 | D:5      | Reached skill level 9 in Armour
  3848 | D:5      | Reached skill level 5 in Axes
  3912 | D:5      | Noticed a vampire
  3930 | D:5      | Killed by an exploding white imp... ignited by their inner
                  | flame

Illustrated notes

Levels and vault maps discovered:
D:1:      minmay_arrival_arboretum_small, layout_loops_ring,
          dreamdust_ecumenical_altar_statues, serial_glass, glass_columns_b,
          glass_columns_b
D:2:      layout_basic
D:3:      layout_basic
D:4:      layout_cave_pools, minmay_temple_entry_grid, dk_noncrumbling_2,
          lightli_corner_chamber
D:5:      layout_loops_corners, cheibrodos_sewer_entry_sluice,
          minmay_misc_feat_four_crosses, nzn_random_ring

Skill      XL: |  1  2  3  4  5  6  7 |
---------------+----------------------+-----
Axes           | 4 6 |  6.5
Fighting       | 4 |  4.3
Armour         | 3 5 6 8 9 |  9.0
Dodging        | |  2.1

Action                     |  1- 3 |  4- 6 |  7- 9 || total
---------------------------+-------+-------+-------++-------
  Melee: Hand axe          |    79 |   112 |    56 ||   247
         Headbutt          |    17 |    19 |    11 ||    47
         Punch             |     1 |       |       ||     1
 Invoke: Berserk           |       |     4 |       ||     4
         Trog's Hand       |       |     1 |     2 ||     3
    Use: Scroll            |       |     4 |     1 ||     5
         Potion            |       |     7 |     1 ||     8
 Armour: Animal skin       |     8 |       |       ||     8
         Ring mail         |    12 |    34 |    57 ||   103
  Dodge: Dodged            |    46 |    59 |    52 ||   157
